 Dungeon Crawl Stone Soup version 0.31-a0-698-g4a7cf283bb (webtiles) character file.

Game seed: 14164621764960347468

385 qw the Shooter (level 6, -4/38 HPs)
             Began as a Gargoyle Hunter on Sept 7, 2023.
             Was an Initiate of Okawaru.
             Slain by an unseen horror (7 damage)
             ... on level 5 of the Dungeon.
             The game lasted 00:01:08 (2098 turns).

qw the Shooter (Gargoyle Hunter)                    Turns: 2098, Time: 00:01:09

Health: -4/38      AC:  8    Str: 15    XL:     6   Next: 77%
Magic:  6/6        EV: 11    Int:  9    God:    Okawaru [......]
Gold:   136        SH:  0    Dex: 15    Spells: 5/5 levels left

rFire   . . .        a - +0 longbow (freeze)
rCold   . . .        (shield currently unavailable)
rNeg    + . .        c - +0 leather armour
rPois   inf          (no helmet)
rElec   +            (no cloak)
rCorr   .            (no gloves)
SInv    .            i - +0 pair of boots
Will    .....        (no amulet)
Stlth   ++           (no ring)
HPRegen 0.26/turn    (no ring)
MPRegen 0.10/turn

%: no passive effects
@: no status effects
A: sickness immunity, AC +4, negative energy resistance 1, electricity
resistance, torment resistance 1, petrification resistance
a: Renounce Religion


You were on level 5 of the Dungeon.
You worshipped Okawaru.
Okawaru was noncommittal.
You visited 1 branch of the dungeon, and saw 4 of its levels.

You collected 184 gold pieces.
You spent 48 gold pieces at shops.


Innate Abilities, Weirdness & Mutations

You are immune to sickness and miasma.
Your stone body is resilient. (AC +4)
You are immune to poison.
You resist negative energy. (rN+)
You are resistant to electric shocks. (rElec)
You are resistant to unholy torment.
You are immune to petrification.


   Skills:
 - Level 4.1 Fighting
 - Level 7.0 Ranged Weapons
 - Level 1.2 Armour
 + Level 1.5 Dodging
 - Level 1.1 Stealth


You had 5 spell levels left.
You didn't know any spells.
Your spell library was empty.

Inventory:

Hand Weapons
 a - a +0 longbow of freezing (weapon)
Armour
 c - a +0 leather armour (worn)
 i - a +0 pair of boots (worn)
Scrolls
 b - 2 scrolls of identify
 d - a scroll of enchant armour {unknown}
 e - a scroll of summoning {unknown}
Potions
 f - a potion of haste
 k - a potion of cancellation {unknown}

Dungeon Overview and Level Annotations

Branches:
Dungeon (5/15)
 Temple: D:4-7

Altars:
Hepliaklqana
Okawaru

Shops:
D:2 ?   D:3 (

Annotations:
D:3 2 transporters, qw's ghost, amateur GrHu


Message History

Autopickup is now on.
You start resting.
Something hits you but does no damage.
Deactivating autopickup; reactivate with Ctrl-A.
Autopickup is now on.
You start resting.
Something hits you but does no damage.
Deactivating autopickup; reactivate with Ctrl-A.
Autopickup is now on.
You start resting.
Something hits you but does no damage.
Deactivating autopickup; reactivate with Ctrl-A.
You shoot an arrow. Something hits you.
You shoot an arrow. Something hits you.
You shoot an arrow. Something hits you!
You shoot an arrow.
You hear the slow hiss of a very distant avalanche of sand.
Something hits you but does no damage.
You shoot an arrow. Something hits you but does no damage.
You shoot an arrow. Something hits you but does no damage.
You shoot an arrow. Something hits you but does no damage.
You shoot an arrow. Something barely misses you.
You shoot an arrow. Something hits you. Something hits you but does no damage.
You shoot an arrow. Something hits you. Something hits you!
You shoot an arrow. Something hits you but does no damage. Something hits you.
You shoot an arrow. Something hits you.
You shoot an arrow. Something hits you!
You die...

... #...^.## #..
..# .###...####.#
#.# ...#...##...#
#.#######......###
#.~~~~~~~.....##
#.# #####.....#
#.# ....#.....#
#.###.###)....#
#@..#.#.......####
###.#.#....####...
#........# #...
##.....#.# #...
#######.####...
#.....#...
#....[#...
#.........
#.....#...


There were no monsters in sight!

Vanquished Creatures
  Sigmund (D:2)
  A scorpion (D:5)
  Jessica (D:3)
  7 gnolls
  An adder (D:2)
  2 worms
  2 dart slugs
  3 endoplasms
  4 giant cockroaches (D:1)
  6 hobgoblins
  7 kobolds
  3 quokkas
  8 ball pythons
  5 bats
  3 frilled lizards
  7 goblins
  4 rats
65 creatures vanquished.

Notes
Turn   | Place    | Note
-------+----------+-------------------------------------------
     0 | D:1      | qw the Gargoyle Hunter began the quest for the Orb.
     0 | D:1      | Reached XP level 1. HP: 12/12 MP: 1/1
     0 | D:1      | 0 ||| qw: Version: 0.3-a-76-g4403597
     0 | D:1      | 0 ||| qw: Game counter: 362
     0 | D:1      | 0 ||| qw: Melee chars always use a shield: true
     0 | D:1      | 0 ||| qw: God list: Okawaru
     0 | D:1      | 0 ||| qw: Allow faded altars: false
     0 | D:1      | 0 ||| qw: Do Orc after clearing Dungeon:15 true
     0 | D:1      | 0 ||| qw: Do second Lair branch before Depths: true
     0 | D:1      | 0 ||| qw: Lair rune preference: random
     0 | D:1      | 0 ||| qw: Goals: Normal
     0 | D:1      | 0 ||| PLANNING D:1-11
    51 | D:1      | 51 ||| Stepping ~*~*~tactically~*~*~ (water).
    55 | D:1      | 55 ||| Stepping ~*~*~tactically~*~*~ (water).
    58 | D:1      | 58 ||| Stepping ~*~*~tactically~*~*~ (water).
   244 | D:1      | Reached XP level 2. HP: 17/17 MP: 2/2
   452 | D:1      | Reached XP level 3. HP: 21/21 MP: 3/3
   487 | D:1      | Reached skill level 5 in Ranged Weapons
   797 | D:1      | 797 ||| UPGRADING to +0 pair of boots.
   802 | D:1      | 802 ||| DROPPING ring of flight.
   803 | D:1      | 803 ||| READING scroll labelled QOULOR ILOSMU.
   806 | D:1      | 806 ||| READING scroll labelled COKKAUNUCA.
   807 | D:1      | 807 ||| READING scroll labelled FIEHUCROURA.
   808 | D:1      | 808 ||| DROPPING scroll of butterflies.
   838 | D:2      | 838 ||| STAIRDANCE
   847 | D:2      | 847 ||| STAIRDANCE
   852 | D:1      | HP: 4/22 [gnoll/+0 flail (10)]
   858 | D:1      | Reached skill level 3 in Fighting
   937 | D:2      | 937 ||| STAIRDANCE
   937 | D:2      | Noticed Sigmund
   941 | D:1      | HP: 5/23 [gnoll/+0 flail (7)]
   943 | D:1      | Reached XP level 4. HP: 6/28 MP: 4/4
  1036 | D:2      | 1036 ||| STAIRDANCE
  1083 | D:2      | 1083 ||| STAIRDANCE
  1095 | D:2      | 1095 ||| STAIRDANCE
  1115 | D:2      | 1115 ||| STAIRDANCE
  1164 | D:2      | 1164 ||| STAIRDANCE
  1190 | D:2      | 1190 ||| STAIRDANCE
  1231 | D:2      | Killed Sigmund
  1232 | D:2      | Reached skill level 6 in Ranged Weapons
  1232 | D:2      | Reached XP level 5. HP: 32/32 MP: 5/5
  1291 | D:2      | Reached XP level 6. HP: 37/37 MP: 6/6
  1293 | D:2      | Reached skill level 1 in Armour
  1325 | D:2      | HP: 9/37 [gnoll/+0 spear (1)]
  1598 | D:2      | Found an iron altar of Okawaru.
  1599 | D:2      | 1599 ||| PLANNING OKAWARU WORSHIP
  1599 | D:2      | 1599 ||| READING scroll labelled VOXEN CUMPEURI.
  1600 | D:2      | 1600 ||| READING scroll labelled FICUS LEPTAU.
  1608 | D:2      | Became a worshipper of Warmaster Okawaru
  1609 | D:2      | 1609 ||| PLANNING D:1-11
  1614 | D:2      | Found Secvoed's Magic Scroll Boutique.
  1623 | D:2      | 1623 ||| BUYING scroll of identify (24 gold).
  1623 | D:2      | Bought a scroll of identify for 24 gold pieces
  1623 | D:2      | 1623 ||| BUYING scroll of identify (24 gold).
  1623 | D:2      | Bought a scroll of identify for 24 gold pieces
  1623 | D:2      | 1623 ||| SHOPLISTING scroll of teleportation (36 gold, have
                  | 22).
  1719 | D:2      | 1719 ||| READING scroll labelled FEGHAFEURU.
  1719 | D:2      | Identified a scroll of acquirement
  1719 | D:2      | 1719 ||| ACQUIRING +0 longbow of freezing
  1719 | D:2      | Acquired a +0 longbow of freezing
  1721 | D:2      | 1721 ||| SWAPPING to +0 longbow of freezing.
  1722 | D:2      | 1722 ||| DROPPING +1 shortbow.
  1723 | D:2      | 1723 ||| READING 4 scrolls of identify.
  1723 | D:2      | 1723 ||| IDENTIFYING black potion
  1724 | D:2      | 1724 ||| READING 3 scrolls of identify.
  1724 | D:2      | 1724 ||| IDENTIFYING lumpy grey potion
  1725 | D:2      | 1725 ||| READING 2 scrolls of identify.
  1725 | D:2      | 1725 ||| IDENTIFYING viscous emerald potion
  1726 | D:2      | 1726 ||| DROPPING potion of degeneration.
  1727 | D:2      | 1727 ||| DROPPING potion of attraction.
  1922 | D:3      | Found Wagruwki's Weapon Emporium.
  1951 | D:3      | Found a transporter.
  1953 | D:3      | Noticed Jessica
  1956 | D:3      | Killed Jessica
  1982 | D:3      | Noticed qw's ghost (amateur GrHu)
  1991 | D:3      | Found a transporter.
  1992 | D:3      | You fall into a shaft and drop 2 floors!
  1992 | D:5      | Entered Level 5 of the Dungeon
  1993 | D:5      | 1993 ||| PLANNING OSSUARY
  2012 | D:5      | Found a hazy altar of Hepliaklqana.
  2053 | D:5      | Reached skill level 7 in Ranged Weapons
  2079 | D:5      | 2079 ||| Stepping randomly (disturbance).
  2080 | D:5      | 2080 ||| Stepping randomly (disturbance).
  2081 | D:5      | 2081 ||| Stepping randomly (disturbance).
  2095 | D:5      | HP: 9/38 [something (8)]
  2097 | D:5      | HP: 2/38 [something (6)]
  2098 | D:5      | Slain by an unseen horror

Levels and vault maps discovered:
D:1:      dpeg_arrival_castle, layout_basic, chequers_serial_rivers_marsh
D:2:      layout_rooms, basic_altar, serial_shops, nicolae_shop_trees,
          uniq_sigmund
D:3:      layout_rooms, serial_shops, shop, gammafunk_ghost_stat_death,
          uniq_jessica
D:5:      layout_rooms, nemelex_xobeh_ov_fountains_minmay, ashenzari_altar_1,
          nzn_hepliaklqana_mist_gate, temple_pool_b,
          nicolae_ossuary_entry_false_entrances, nicolae_sextant,
          grunt_decor_cap

Skill      XL: |  1  2  3  4  5  6 |
---------------+-------------------+-----
Ranged Weapons | 5 6 7 |  7.0
Fighting       | 3 4 |  4.1
Armour         | 1 |  1.2
Dodging        | |  1.5
Stealth        | |  1.1

Action                     |  1- 3 |  4- 6 || total
---------------------------+-------+-------++-------
   Fire: Shortbow          |   121 |   103 ||   224
         Longbow           |       |    43 ||    43
    Use: Scroll            |     3 |     6 ||     9
 Armour: Leather armour    |    39 |    68 ||   107
  Dodge: Dodged            |    43 |    40 ||    83

Table legend:
 A = Non-vault XP
 B = Vault XP
 C = Vault XP percentage of total XP
 D = Non-vault monster count
 E = Vault monster count
 F = Vault count percentage of total count
                 A         B        C        D         E       F
            +---------+---------+-------+---------+---------+-------
      Total |     299 |     251 |  45.6 |      63 |       2 |   3.1
            +---------+---------+-------+---------+---------+-------
        D:1 |      91 |       0 |   0.0 |      31 |       0 |   0.0
        D:2 |      98 |     214 |  68.6 |      19 |       1 |   5.0
        D:3 |      23 |      37 |  61.7 |      12 |       1 |   7.7
        D:5 |      87 |       0 |   0.0 |       1 |       0 |   0.0
            +---------+---------+-------+---------+---------+-------
